 Dungeon Crawl Stone Soup version 0.26-a0-501-g57170428f2 (webtiles) character file.

Game seed: 7357993627806421633

55 ANON1729 the Vexing (level 3, 0/36 HPs)
             Began as an Ogre Arcane Marksman on Aug 7, 2020.
             Succumbed to an adder's poison
             ... on level 2 of the Dungeon.
             The game lasted 00:03:26 (3177 turns).

ANON1729 the Vexing (Ogre Arcane Marksman)          Turns: 3177, Time: 00:03:27

Health: 0/36       AC:  3    Str: 14    XL:     3   Next: 93%
Magic:  6/6        EV: 10    Int: 15    God:
Gold:   50         SH:  0    Dex:  9    Spells: 5/6 levels left

rFire    . . .     SeeInvis .   i - +0 short sword
rCold    . . .     Faith    .   (no shield)
rNeg     . . .     Spirit   .   a - +0 robe
rPois    .         Reflect  .   (helmet restricted)
rElec    .         Harm     .   (no cloak)
rCorr    .                      (gloves unavailable)
MR       .....                  (boots unavailable)
Stlth    +.........             (no amulet)
HPRegen  0.12/turn              (no ring)
MPRegen  0.10/turn              (no ring)

@: mighty, lethally poisoned (0 -> -16)
A: large, unfitting armour, tough skin 1
a: no special abilities


You were on level 2 of the Dungeon.
You visited 1 branch of the dungeon, and saw 2 of its levels.

You collected 50 gold pieces.

Inventory:

Hand Weapons
 i - a +0 short sword (weapon)
Missiles
 d - 2 throwing nets (quivered)
Armour
 a - a +0 robe (worn)
Jewellery
 f - a +6 ring of strength {unknown}
Scrolls
 b - a scroll of magic mapping {unknown}
 e - 3 scrolls of teleportation {unknown}
 g - 2 scrolls of identify {unknown}
 j - a scroll of fog {unknown}
 l - a scroll of enchant armour {unknown}
 m - a scroll of immolation {unknown}
 n - a scroll of remove curse {unknown}
 o - a scroll of random uselessness {unknown}
Potions
 h - 2 potions of curing {unknown}
 k - 2 potions of might


   Skills:
 + Level 2.4 Fighting
 + Level 2.4 Throwing
 + Level 2.2 Dodging
 + Level 2.0 Spellcasting
 + Level 3.1 Hexes


You had 5 spell levels left.
You knew the following spells:

 Your Spells              Type           Power        Failure   Level
a - Corona                Hex            ##.....      6%          1

Your spell library contained the following spells:

 Spells                   Type           Power        Failure   Level
 Slow                     Hex            ##......     10%         2
 Inner Flame              Hex/Fire       #.......     34%         3
 Portal Projectile        Hex/Tloc       #.....       34%         3
 Cause Fear               Hex            ##........   52%         4
 Leda's Liquefaction      Hex/Erth       #.........   75%         4


Dungeon Overview and Level Annotations

Branches:
Dungeon (2/15)

Altars:


Innate Abilities, Weirdness & Mutations

You are too large for most types of armour.
You have tough skin. (AC +1)


Message History

The large rock closely misses the adder.
You feel sick.
The adder bites you but does no damage. x2
The adder bites you.
* * * LOW HITPOINT WARNING * * *
You are lethally poisoned!
The adder poisons you!
Throwing (i - inventory. (/) - cycle)
c - a large rock (quivered)
Press: ? - help, Shift-Dir - straight line, f/p - adder
Aim: an adder You throw a large rock.
The large rock misses the adder.
* * * LOW HITPOINT WARNING * * *
You feel sick. The adder bites you.
* * * LOW HITPOINT WARNING * * *
The adder bites you.
* * * LOW HITPOINT WARNING * * *
You are more poisoned.
The adder poisons you!
It was a potion of might.
You feel very mighty all of a sudden.
You die...

#.##.......# #.#
#.#..... #.##.###(###
#.# #....... #....# #.#
#....###...# ####.# #.#
#. #...... #.# #.#
##.#...# #.# #.#
#.###.#...## #.# #.#
#....###..# ####.# #S#
#.###.#..## #....# #@#
# ##.#.# #.##.#
#.#####.####.#.#
#.##.###..............#
#.##............#.#####
#
#.############..#.####
## #.# #....###. #.# ..
#†....... #.#
...#....###. #.#
#>........>#


You could see an adder.

Vanquished Creatures
  An ooze (D:1)
  3 dart slugs
  6 bats
  A giant cockroach (D:1)
  8 goblins
  8 hobgoblins
  2 jackals (D:1)
  4 kobolds (D:1)
  2 frilled lizards (D:1)
  4 rats (D:1)
39 creatures vanquished.

Notes
Turn   | Place    | Note
-------+----------+-------------------------------------------
     0 | D:1      | ANON1729 the Ogre Arcane Marksman began the quest for the
                  | Orb.
     0 | D:1      | Reached XP level 1. HP: 19/19 MP: 2/2
   258 | D:1      | Reached XP level 2. HP: 8/28 MP: 2/4
  1044 | D:1      | Reached XP level 3. HP: 7/35 MP: 5/5
  1248 | D:1      | Reached skill level 3 in Hexes
  3176 | D:2      | HP: 1/36 [adder (3)]
  3177 | D:2      | Succumbed to an adder's poison

Illustrated notes

Levels and vault maps discovered:
D:1:      erik_arrival_blinker_ship, layout_loops_ring, serial_co_window_serial,
          co_window_paths_a, co_window_paths_a, co_window_paths_b,
          co_window_paths_a, co_window_paths_a, co_window_of_opportunity_c,
          co_window_broadway_a, co_window_corner_b, co_window_4corner_a,
          glass_columns_c, glass_columns_a
D:2:      layout_loops_ring

Skill      XL: |  1  2  3 |
---------------+----------+-----
Dodging        | 2 |  2.2
Fighting       | 2 |  2.4
Hexes          | 3 |  3.1
Spellcasting   | 2 |  2.0
Throwing       | |  2.4

Action                   || total
-------------------------++-------
Melee: Unarmed           ||   165
       Short sword       ||   106
Throw: Large rock        ||    18
 Cast: Corona            ||     1
  Use: Potion            ||     1
Armor: Robe              ||   109
Dodge: Dodged            ||   161

Table legend: (Time is in decaauts)
 A = Elapsed time spent in this place.
 B = Non-inter-level travel time spent in this place.
 C = Inter-level travel time spent in this place.
 D = Time resting spent in this place.
 E = Time spent auto-exploring this place.
 F = Levels seen in this place.
 G = Mean time per level.
                   A        B        C        D        E       F      G
               +--------+--------+--------+--------+--------+-----+--------+
         Total |   3204 |   3149 |     55 |   1830 |    823 |   2 | 1602.0 |
       Dungeon |   3204 |   3149 |     55 |   1830 |    823 |   2 | 1602.0 |
               +--------+--------+--------+--------+--------+-----+--------+

Top non-repeatable levels by time:
     D:1: 3001 daAuts
     D:2: 203 daAuts
